TOP OF THE 1ST |
Chicago (NYP) White Sox batting - Pitching for Staten Island Yankees : LHP Ricky Espinoza
|
Pitching: LHP Ricky Espinoza
|
|
Batting: RHB Justin Usner
|
0-0: Ball 1-0: Reached via error on a dropped throw from 1B, E1 (Groundball, 34, EV 81.2 MPH)
|
Batting: RHB Jeremy Hoffert
|
0-0: Ball Balk! Justin Usner to second 1-0: Ground out 4-3 (Groundball, 4, EV 100.6 MPH) Justin Usner to third
|
Batting: RHB Pat Pemberton
|
0-0: Ball Wild Pitch! Justin Usner scores 1-0: Swinging Strike 1-1: Ball 2-1: Ball 3-1: Ground out 6-3 (Groundball, 6, EV 85.6 MPH)
|
Batting: RHB Bill Mannino
|
0-0: Ball 1-0: Swinging Strike 1-1: Ball 2-1: Foul Ball, location: 2F 2-2: Ground out U3 (Groundball, 3S, EV 85.6 MPH)
|
Top of the 1st over - 1 run, 0 hits, 1 error, 0 left on base; Chicago (NYP) 1 - Staten Island 0 |
BOTTOM OF THE 1ST |
Staten Island Yankees batting - Pitching for Chicago (NYP) White Sox : RHP John Childress
|
Pitching: RHP John Childress
|
|
Batting: LHB Mario Hurtado
|
0-0: Ball 1-0: SINGLE (Groundball, 4MD, EV 94.4 MPH)
|
Batting: RHB Phil Corliss
|
0-0: Called Strike Mario Hurtado steals 2nd base 0-1: Swinging Strike 0-2: Ball 1-2: Ball 2-2: Ball 3-2: Base on Balls
|
Batting: RHB Andres Valles
|
0-0: Ball 1-0: Called Strike Mario Hurtado steals 3rd base Phil Corliss to second 1-1: Ball 2-1: Foul Ball, location: 2F 2-2: Hit by Pitch
|
Pinch Runner at 1st Lorenzo Vasquez:
|
|
Batting: LHB Roald Jacobs
|
0-0: Foul Ball, location: 2F 0-1: Fly out, F9 (Flyball, 9, EV 91.9 MPH) Runner from 3rd tags up, OUT at HOME! 9-2 Phil Corliss to third Lorenzo Vasquez to second
|
Batting: RHB Nick Massengale
|
0-0: Called Strike 0-1: Called Strike 0-2: Ball 1-2: Ball 2-2: Strikes out swinging
|
Bottom of the 1st over - 0 runs, 1 hit, 0 errors, 2 left on base; Chicago (NYP) 1 - Staten Island 0 |
TOP OF THE 2ND |
Chicago (NYP) White Sox batting - Pitching for Staten Island Yankees : LHP Ricky Espinoza
|
Batting: RHB Emil Wilbrink
|
0-0: Called Strike 0-1: Called Strike 0-2: Ball 1-2: Foul Ball, location: 2F 1-2: Strikes out swinging
|
Batting: RHB Victor Orozco
|
0-0: Ball 1-0: Called Strike 1-1: Foul Ball, location: 2F 1-2: Foul Ball, location: 2F 1-2: Ground out 5-3 (Groundball, 56S, EV 88.8 MPH)
|
Batting: RHB Daniel Underhay
|
0-0: Ball 1-0: Ball 2-0: Foul Ball, location: 2F 2-1: Foul Ball, location: 2F 2-2: Ball 3-2: Ground out 1-3 (Groundball, 25, EV 70.0 MPH)
|
Top of the 2nd over - 0 runs, 0 hits, 0 errors, 0 left on base; Chicago (NYP) 1 - Staten Island 0 |
BOTTOM OF THE 2ND |
Staten Island Yankees batting - Pitching for Chicago (NYP) White Sox : RHP John Childress
|
Batting: RHB Chris Diaz
|
0-0: SINGLE (Line Drive, 89M, EV 95.0 MPH)
|
Batting: RHB Chris Yancey
|
0-0: Foul Ball, location: 2F 0-1: Ball 1-1: Swinging Strike 1-2: Strikes out looking Chris Diaz steals 2nd base Batter strikes out.
|
Batting: SHB Victor Martinez
|
0-0: Hit by Pitch
|
Batting: RHB Walt Couch
|
0-0: Called Strike 0-1: Called Strike 0-2: Foul Ball, location: 2F 0-2: Ball 1-2: Ball 2-2: Foul Ball, location: 2F 2-2: Foul Ball, location: 2F 2-2: Ball 3-2: Strikes out swinging
|
Batting: LHB Mario Hurtado
|
0-0: Swinging Strike 0-1: Ball 1-1: Foul Ball, location: 2F 1-2: SINGLE (Groundball, 4MD, EV 103.1 MPH) Chris Diaz to third Victor Martinez to second Runner from 3rd tries for Home, throw by CF and OUT! 8-2
|
Bottom of the 2nd over - 0 runs, 2 hits, 0 errors, 2 left on base; Chicago (NYP) 1 - Staten Island 0 |
TOP OF THE 3RD |
Chicago (NYP) White Sox batting - Pitching for Staten Island Yankees : LHP Ricky Espinoza
|
Batting: SHB Jason Bresnahan
|
0-0: Ball 1-0: Called Strike 1-1: Swinging Strike 1-2: Ball 2-2: Ball 3-2: Base on Balls
|
Batting: RHB David Laureano
|
0-0: Ball 1-0: Called Strike 1-1: Ball Wild Pitch! Jason Bresnahan to second 2-1: Fly out, F9 (Flyball, 89D, EV 100.6 MPH) Runner from 2nd tags up, SAFE at 3rd, no throw by RF
|
Batting: RHB Justin Usner
|
0-0: Ball 1-0: Ball 2-0: Ball 3-0: Foul Ball, location: 2F 3-1: Foul Ball, location: 2F 3-2: Base on Balls
|
Batting: RHB Jeremy Hoffert
|
0-0: Called Strike 0-1: Ball 1-1: Ball 2-1: Ball 3-1: DOUBLE (Flyball, 8LXD, EV 106.9 MPH) Jason Bresnahan scores Justin Usner to third Runner from 3rd tries for Home, SAFE, throw by CF to home
|
Batting: RHB Pat Pemberton
|
0-0: Called Strike 0-1: Foul Ball, location: 2F 0-2: Ball 1-2: Ball 2-2: Ball 3-2: Strikes out swinging
|
Batting: RHB Bill Mannino
|
0-0: Swinging Strike 0-1: Foul Ball, location: 2F 0-2: Strikes out looking
|
Top of the 3rd over - 2 runs, 1 hit, 0 errors, 1 left on base; Chicago (NYP) 3 - Staten Island 0 |
BOTTOM OF THE 3RD |
Staten Island Yankees batting - Pitching for Chicago (NYP) White Sox : RHP John Childress
|
Batting: RHB Phil Corliss
|
0-0: Foul Ball, location: 2F 0-1: Swinging Strike 0-2: Ball 1-2: Foul Ball, location: 2F 1-2: Ball 2-2: Fly out, F4 (Flyball, 34D, EV 85.6 MPH)
|
Batting: RHB Lorenzo Vasquez
|
0-0: Ball 1-0: Swinging Strike 1-1: Foul Ball, location: 2F 1-2: Strikes out looking
|
Batting: LHB Roald Jacobs
|
0-0: Fly out, F9 (Flyball, 89D, EV 87.5 MPH)
|
Bottom of the 3rd over - 0 runs, 0 hits, 0 errors, 0 left on base; Chicago (NYP) 3 - Staten Island 0 |
TOP OF THE 4TH |
Chicago (NYP) White Sox batting - Pitching for Staten Island Yankees : LHP Ricky Espinoza
|
Batting: RHB Emil Wilbrink
|
0-0: Swinging Strike 0-1: Foul Ball, location: 2F 0-2: Foul Ball, location: 2F 0-2: Strikes out swinging
|
Batting: RHB Victor Orozco
|
0-0: Foul Ball, location: 2F 0-1: Ball 1-1: Swinging Strike 1-2: Ball 2-2: Ball 3-2: Strikes out looking
|
Batting: RHB Daniel Underhay
|
0-0: Foul Ball, location: 2F 0-1: Ball 1-1: Ball 2-1: Ground out 5-3 (Groundball, 5S, EV 86.2 MPH)
|
Top of the 4th over - 0 runs, 0 hits, 0 errors, 0 left on base; Chicago (NYP) 3 - Staten Island 0 |
BOTTOM OF THE 4TH |
Staten Island Yankees batting - Pitching for Chicago (NYP) White Sox : RHP John Childress
|
Batting: RHB Nick Massengale
|
0-0: Ball 1-0: Ground out 5-3 (Groundball, 56S, EV 81.9 MPH)
|
Batting: RHB Chris Diaz
|
0-0: Foul Ball, location: 2F 0-1: TRIPLE (Line Drive, 78XD, EV 107.5 MPH)
|
Batting: RHB Chris Yancey
|
0-0: Swinging Strike 0-1: Ball 1-1: Foul Ball, location: 2F 1-2: Strikes out swinging
|
Batting: SHB Victor Martinez
|
0-0: Fly out, F1 (Line Drive, P, EV 72.5 MPH)
|
Bottom of the 4th over - 0 runs, 1 hit, 0 errors, 1 left on base; Chicago (NYP) 3 - Staten Island 0 |
TOP OF THE 5TH |
Chicago (NYP) White Sox batting - Pitching for Staten Island Yankees : LHP Ricky Espinoza
|
Batting: SHB Jason Bresnahan
|
0-0: Called Strike 0-1: Ball 1-1: Called Strike 1-2: Strikes out looking
|
Batting: RHB David Laureano
|
0-0: Foul Ball, location: 2F 0-1: Swinging Strike 0-2: Strikes out looking
|
Batting: RHB Justin Usner
|
0-0: Called Strike 0-1: Called Strike 0-2: Ground out 5-3 (Groundball, 56, EV 83.8 MPH)
|
Top of the 5th over - 0 runs, 0 hits, 0 errors, 0 left on base; Chicago (NYP) 3 - Staten Island 0 |
BOTTOM OF THE 5TH |
Staten Island Yankees batting - Pitching for Chicago (NYP) White Sox : RHP John Childress
|
Batting: RHB Walt Couch
|
0-0: Called Strike 0-1: Called Strike 0-2: Strikes out swinging
|
Batting: LHB Mario Hurtado
|
0-0: Ground out U3 (Groundball, 3, EV 100.6 MPH)
|
Batting: RHB Phil Corliss
|
0-0: Ground out 6-3 (Groundball, 6, EV 96.2 MPH)
|
Bottom of the 5th over - 0 runs, 0 hits, 0 errors, 0 left on base; Chicago (NYP) 3 - Staten Island 0 |
TOP OF THE 6TH |
Chicago (NYP) White Sox batting - Pitching for Staten Island Yankees : LHP Ricky Espinoza
|
Batting: RHB Jeremy Hoffert
|
0-0: Called Strike 0-1: Ball 1-1: Foul Ball, location: 2F 1-2: Ball 2-2: Strikes out looking
|
Batting: RHB Pat Pemberton
|
0-0: Ball 1-0: Ball 2-0: Ball 3-0: Called Strike 3-1: Base on Balls
|
Batting: RHB Bill Mannino
|
0-0: Called Strike 0-1: Swinging Strike 0-2: Ball 1-2: Strikes out looking
|
Batting: RHB Emil Wilbrink
|
0-0: Called Strike 0-1: Ball 1-1: Ball 2-1: Swinging Strike 2-2: Foul Ball, location: 2F 2-2: Foul Ball, location: 2F 2-2: Foul Ball, location: 2F 2-2: Ground out 1-3 (Groundball, 13S, EV 71.9 MPH)
|
Top of the 6th over - 0 runs, 0 hits, 0 errors, 1 left on base; Chicago (NYP) 3 - Staten Island 0 |
BOTTOM OF THE 6TH |
Staten Island Yankees batting - Pitching for Chicago (NYP) White Sox : RHP John Childress
|
Batting: RHB Lorenzo Vasquez
|
0-0: Ball 1-0: Fly out, F3 (Popup, 34S, EV 79.4 MPH)
|
Batting: LHB Roald Jacobs
|
0-0: Ball 1-0: Ball 2-0: Foul Ball, location: 2F 2-1: Ground out U3 (Groundball, 3L, EV 83.8 MPH)
|
Batting: RHB Nick Massengale
|
0-0: Ball 1-0: Ball 2-0: Foul Ball, location: 2F 2-1: Fly out, F5 (Popup, 5SF, EV 80.0 MPH)
|
Bottom of the 6th over - 0 runs, 0 hits, 0 errors, 0 left on base; Chicago (NYP) 3 - Staten Island 0 |
TOP OF THE 7TH |
Chicago (NYP) White Sox batting - Pitching for Staten Island Yankees : LHP Ricky Espinoza
|
Pitching: RHP Dan Welsh
|
|
Batting: RHB Victor Orozco
|
0-0: Foul Ball, location: 2F 0-1: Called Strike 0-2: Foul Ball, location: 2F 0-2: Ball 1-2: Foul Ball, location: 2F 1-2: Ball 2-2: Strikes out swinging
|
Batting: RHB Daniel Underhay
|
0-0: DOUBLE (Flyball, 8RXD, EV 112.5 MPH)
|
Batting: SHB Jason Bresnahan
|
0-0: Intentional Walk
|
Batting: RHB David Laureano
|
0-0: DOUBLE (Line Drive, 78XD, EV 102.5 MPH) Daniel Underhay scores Jason Bresnahan to third
|
Batting: RHB Justin Usner
|
0-0: Ground out 6-3 (Groundball, 6, EV 91.9 MPH) Jason Bresnahan scores
|
Batting: RHB Jeremy Hoffert
|
0-0: Fly out, F7 (Line Drive, 7, EV 95.0 MPH)
|
Top of the 7th over - 2 runs, 2 hits, 0 errors, 1 left on base; Chicago (NYP) 5 - Staten Island 0 |
BOTTOM OF THE 7TH |
Staten Island Yankees batting - Pitching for Chicago (NYP) White Sox : RHP John Childress
|
Batting: RHB Chris Diaz
|
0-0: Ball 1-0: SINGLE (Line Drive, 78S, EV 92.5 MPH)
|
Batting: RHB Chris Yancey
|
0-0: Called Strike 0-1: Ball 1-1: Ball 2-1: Called Strike 2-2: Foul Ball, location: 2F 2-2: Foul Ball, location: 2F 2-2: Strikes out swinging
|
Batting: SHB Victor Martinez
|
0-0: Ball Chris Diaz steals 2nd base 1-0: Swinging Strike 1-1: Called Strike 1-2: Ball 2-2: Fly out, F7 (Flyball, 7LS, EV 90.6 MPH)
|
Batting: RHB Walt Couch
|
0-0: Called Strike 0-1: Swinging Strike 0-2: Fly out, F9 (Line Drive, 9, EV 105.0 MPH)
|
Bottom of the 7th over - 0 runs, 1 hit, 0 errors, 1 left on base; Chicago (NYP) 5 - Staten Island 0 |
TOP OF THE 8TH |
Chicago (NYP) White Sox batting - Pitching for Staten Island Yankees : RHP Dan Welsh
|
Batting: RHB Pat Pemberton
|
0-0: Ball 1-0: Swinging Strike 1-1: Foul Ball, location: 2F 1-2: Strikes out swinging
|
Batting: RHB Bill Mannino
|
0-0: Called Strike 0-1: Foul Ball, location: 2F 0-2: Ball 1-2: Ball 2-2: Strikes out swinging
|
Batting: RHB Emil Wilbrink
|
0-0: Ground out 4-3 (Groundball, 4D, EV 100.0 MPH)
|
Top of the 8th over - 0 runs, 0 hits, 0 errors, 0 left on base; Chicago (NYP) 5 - Staten Island 0 |
BOTTOM OF THE 8TH |
Staten Island Yankees batting - Pitching for Chicago (NYP) White Sox : RHP John Childress
|
Batting: LHB Mario Hurtado
|
0-0: Ball 1-0: Ball 2-0: Ball 3-0: Base on Balls
|
Pinch Hitting: LHB Claudio Kamminga
|
0-0: Ball 1-0: SINGLE (Line Drive, 8LS, EV 102.5 MPH) Mario Hurtado to second Runner from 2nd tries for 3rd, SAFE, throw by CF made to third
|
Pitching: RHP Chad Rice
|
|
Batting: LHB Sergio Corona
|
0-0: Ball 1-0: Foul Ball, location: 2F 1-1: Swinging Strike 1-2: Strikes out swinging
|
Batting: LHB Roald Jacobs
|
0-0: Ball 1-0: Called Strike 1-1: Ball 2-1: Ball 3-1: Fly out, F8 (Flyball, 8RXD, EV 85.0 MPH) Runner from 3rd tags up, SCORES, no throw by CF
|
Pinch Hitting: LHB Ben Roth
|
0-0: Ball 1-0: Ball 2-0: Foul Ball, location: 2F 2-1: Called Strike 2-2: Ground out 1-3 (Groundball, 13S, EV 71.9 MPH)
|
Bottom of the 8th over - 1 run, 1 hit, 0 errors, 1 left on base; Chicago (NYP) 5 - Staten Island 1 |
TOP OF THE 9TH |
Chicago (NYP) White Sox batting - Pitching for Staten Island Yankees : RHP Dan Welsh
|
Pitching: RHP Jon Carranza
|
|
Now at 2B: Alex Genao
|
|
Now in RF: Carlos del Cueto
|
|
Batting: RHB Victor Orozco
|
0-0: Ball 1-0: Ball 2-0: Ball 3-0: Called Strike 3-1: Base on Balls
|
Batting: RHB Daniel Underhay
|
0-0: Swinging Strike 0-1: Ball 1-1: Called Strike 1-2: Strikes out swinging
|
Batting: SHB Jason Bresnahan
|
0-0: Foul Ball, location: 2F 0-1: Ball 1-1: Ball 2-1: Ball 3-1: Base on Balls Victor Orozco to second
|
Batting: RHB David Laureano
|
0-0: Ball 1-0: Ball 2-0: Grounds into double play, 6-4-3 (Groundball, 6, EV 91.9 MPH)
|
Top of the 9th over - 0 runs, 0 hits, 0 errors, 1 left on base; Chicago (NYP) 5 - Staten Island 1 |
BOTTOM OF THE 9TH |
Staten Island Yankees batting - Pitching for Chicago (NYP) White Sox : RHP Chad Rice
|
Batting: RHB Chris Diaz
|
0-0: Ball 1-0: Ball 2-0: Foul Ball, location: 2F 2-1: Foul Ball, location: 2F 2-2: Strikes out swinging
|
Batting: RHB Chris Yancey
|
0-0: Called Strike 0-1: Ball 1-1: DOUBLE (Line Drive, 5D, EV 95.6 MPH)
|
Batting: SHB Victor Martinez
|
0-0: Ball 1-0: Called Strike 1-1: Ball 2-1: Ball 3-1: Called Strike 3-2: Ground out 5-3 (Groundball, 56S, EV 64.4 MPH) Chris Yancey to third
|
Batting: RHB Walt Couch
|
0-0: Swinging Strike 0-1: Swinging Strike 0-2: Strikes out swinging
|
Bottom of the 9th over - 0 runs, 1 hit, 0 errors, 1 left on base; Chicago (NYP) 5 - Staten Island 1 |
|